Map: Rhoskallian LE

Players

matetee

  • Race: Terran Terran
  • League: Diamond
  • Spawn Location: 5:00

tot

  • Race: Zerg Zerg
  • League: Diamond
  • Spawn Location: 6:00

qqq - Winner!

  • Race: Zerg Zerg
  • League: Platinum
  • Spawn Location: 11:00

Massa - Winner!

  • Race: Terran Terran
  • League: Platinum
  • Spawn Location: 12:00

VOD

Have the link to the VOD?

Description

Time

  • Played on: Sept. 25, 2020, 5:44 p.m.
  • Length: 19:36
Show
View Real Time Build Order
Export as new Build Order

matetee Terran 

Build Orders:  

Get SALT Encoding   

  12  0:01  SCV  
  13  0:16  SCV  
  13  0:19  Supply Depot  
  14  0:28  SCV  
  15  0:41  SCV  
  15  0:42  Barracks  
  16  0:49  Refinery  
  16  0:54  SCV  
  17  1:06  SCV  
  18  1:18  SCV  
  20  1:35  Reaper  
  20  1:40  Orbital Command  
  20  1:48  Command Center  
  20  1:59  Supply Depot  
  20  2:13  Reaper  
  21  2:22  SCV  
  22  2:34  SCV  
  23  2:37  Factory  
  23  2:46  SCV  
  23  2:50  Command Center  
  25  2:52  Reaper  
  25  2:58  SCV  
  25  3:01  Orbital Command  
  26  3:10  Refinery, SCV  
  27  3:21  Hellion  
  29  3:31  Barracks Reactor  
  29  3:33  Supply Depot  
  29  3:38  SCV  
  29  3:40  SCV  
  31  3:49  Hellion  
  31  3:50  SCV  
  34  4:08  Marine x2  
  35  4:23  Hellion  
  34  4:29  Marine  
  34  4:30  Marine  
  35  4:32  Bunker  
  35  4:37  SCV x2  
  36  4:54  SCV x2, Orbital Command  
  38  5:06  SCV x2  
  40  5:11  Starport  
  40  5:18  SCV x2  
  42  5:23  Supply Depot  
  42  5:26  Hellion x2  
  46  5:28  Barracks Tech Lab  
  46  5:29  Supply Depot  
  46  5:31  SCV  
  46  5:32  SCV x2  
  49  5:44  SCV x3  
  49  5:47  Barracks, Hellion x2  
  49  5:48  Stimpack  
  56  5:52  Barracks, Medivac  
  56  5:56  SCV x3  
  61  5:58  Refinery  
  61  6:06  Engineering Bay  
  61  6:08  SCV x3  
  61  6:11  Hellion x2  
  68  6:20  SCV x3  
  71  6:32  SCV x2  
  73  6:43  Refinery  
  73  6:49  Viking  
  73  6:51  Barracks Reactor x2  
  75  6:54  Marine  
  76  7:12  Marine  
  67  7:43  Fusion Core  
  69  7:49  Marine x5  
  69  7:50  Command Center  
  70  8:07  Marine x4  
  70  8:12  Marine  
  75  8:18  Starport Reactor  
  75  8:24  Marine  
  75  8:25  Marine x3  
  79  8:36  SCV  
  79  8:37  Terran Infantry Weapons Level 1  
  80  8:41  Armory, Engineering Bay  
  80  8:44  Armory  
  80  8:45  Factory Tech Lab  
  80  8:46  Marine x4  
  80  8:47  Combat Shield  
  75  9:10  Liberator x2  
  75  9:12  Orbital Command, Siege Tank  
  75  9:14  Marine  
  75  9:15  Marine x4  
  87  9:17  Advanced Ballistics  
  85  9:41  Terran Ship Weapons Level 1, Supply Depot  
  85  9:42  Terran Vehicle And Ship Armor Level 1  
  85  9:47  Supply Depot  
  85  9:52  Liberator  
  85  9:53  Liberator  
  91  10:11  Orbital Command  
  91  10:35  Liberator x2  
  90  10:57  Marine x4  
  90  10:58  Marine  
  95  11:05  Refinery  
  95  11:06  Refinery  
  95  11:15  Marine x4  
  95  11:18  Liberator x2  
  100  11:30  Marine  
  101  11:32  Terran Infantry Weapons Level 2  
  101  11:33  Terran Infantry Armor Level 1, Marine x3  
  104  11:53  Marine x3  
  98  12:01  Liberator x2  
  89  12:14  Marine x5  
  94  12:31  Marine  
  94  12:32  Marine x4  
  95  12:44  Liberator x2  
  95  12:49  Terran Ship Weapons Level 2, Marine x3  
  95  12:50  Terran Vehicle And Ship Armor Level 2, Marine x2  
  106  12:53  SCV x2  
  106  12:54  SCV  
  109  13:07  Starport, Marine x4  
  109  13:08  Marine  
  111  13:25  Marine x5  
  116  13:38  Liberator  
  116  13:56  Marine x3  
  116  13:57  Marine x2  
  116  13:58  Liberator  
  96  14:14  Marine x3  
  96  14:15  Marine  
  77  14:21  Liberator, Marine  
  73  14:31  Marine  
  73  14:32  Marine x3  
  77  14:39  Marine  
  77  14:41  Barracks, Liberator  
  77  14:42  Terran Infantry Weapons Level 3  
  77  14:43  Terran Infantry Armor Level 2, Barracks x2  
  81  14:49  Marine  
  81  14:50  Marine x3  
  85  14:57  Marine  
  83  15:07  Marine  
  83  15:08  Marine x2  
  66  15:31  Marine  
  66  15:32  Marine x3  
  66  15:33  Orbital Command  
  70  15:54  Marine  
  70  15:55  Marine x2  
  73  15:59  Marine x2  
  75  16:12  Marine x2  
  75  16:13  Marine  
  75  16:16  Medivac x2  
  75  16:17  Marine x2  
  83  16:26  SCV  
  83  16:27  SCV  
  83  16:30  SCV, Marine x3  
  89  16:38  SCV  
  89  16:39  SCV  
  90  16:42  SCV  
  90  16:46  Medivac x2  
  81  16:50  Marine x2  
  81  16:51  SCV x2, Marine x3  
  84  16:54  SCV  
  84  16:57  Marine x3  
  88  17:03  SCV x2, Supply Depot x3  
  88  17:04  Supply Depot  
  88  17:05  Supply Depot  
  88  17:06  SCV  
  88  17:08  Marine x4  
  91  17:09  Refinery, Marine  
  91  17:12  Refinery  
  91  17:14  Marine  
  91  17:15  SCV x2, Marine x2  
  101  17:16  Command Center  
  101  17:24  SCV, Liberator x2  
  101  17:26  Marine x3  
  101  17:27  SCV x2  
  113  17:36  SCV  
  114  17:39  SCV x2  
  116  17:48  SCV  
  117  17:51  SCV x2  
  119  18:01  SCV  
  119  18:03  SCV  
  98  18:19  Marine x2  
  87  18:20  Marine x3  
Show
View Real Time Build Order
Export as new Build Order

tot Zerg 

Build Orders: Hatch First 

Get SALT Encoding   

  12  0:00  Drone  
  13  0:13  Overlord  
  13  0:20  Drone  
  14  0:33  Drone  
  14  0:34  Drone  
  16  0:48  Drone  
  17  0:56  Hatchery  
  16  1:00  Drone x2  
  18  1:13  Drone  
  18  1:16  Extractor  
  18  1:20  Spawning Pool  
  18  1:23  Drone  
  18  1:34  Drone  
  19  1:45  Drone  
  20  2:08  Queen x2  
  20  2:11  Drone x2  
  20  2:12  Drone  
  27  2:18  Drone  
  27  2:20  Overlord  
  28  2:38  Metabolic Boost  
  28  2:43  Baneling Nest  
  27  2:45  Drone x4  
  27  2:46  Drone  
  32  3:03  Hatchery  
  31  3:05  Overlord  
  31  3:20  Drone x5  
  31  3:26  Evolution Chamber  
  35  3:32  Zergling x2  
  35  3:33  Zergling x4, Overlord  
  38  3:35  Zergling x2  
  39  3:41  Zergling x2  
  39  3:42  Extractor, Zergling x2  
  40  3:48  Zergling x2  
  40  3:49  Zergling x2  
  42  3:59  Baneling x3  
  43  4:02  Zergling x2  
  43  4:03  Zergling x10  
  43  4:05  Zerg Melee Weapons Level 1  
  43  4:08  Extractor  
  47  4:12  Queen  
  47  4:14  Drone  
  50  4:21  Queen  
  50  4:23  Drone  
  53  4:25  Overlord  
  53  4:32  Baneling x3  
  53  4:41  Drone x4  
  53  4:42  Drone  
  53  4:43  Overlord  
  58  4:49  Lair  
  58  4:56  Baneling  
  57  5:20  Drone x3  
  57  5:21  Drone x9  
  69  5:25  Extractor  
  69  5:27  Extractor  
  67  5:39  Baneling  
  67  5:44  Overlord  
  67  5:45  Overlord x2  
  67  5:46  Hatchery  
  66  5:50  Spire  
  66  5:55  Spore Crawler  
  66  5:56  Drone x2  
  66  6:12  Overseer  
  66  6:13  Extractor  
  66  6:14  Drone  
  66  6:15  Drone x10  
  76  6:28  Zerg Melee Weapons Level 2  
  76  6:34  Spore Crawler  
  76  6:37  Overlord  
  71  7:05  Mutalisk x3  
  71  7:06  Mutalisk x5  
  71  7:07  Mutalisk  
  89  7:17  Drone x4  
  89  7:18  Queen  
  89  7:20  Drone x2  
  89  7:21  Drone x7  
  104  7:24  Pneumatized Carapace  
  104  7:36  Overlord x3  
  104  7:40  Extractor x2  
  102  7:45  Zergling x8  
  102  7:56  Zergling x6  
  102  7:57  Zergling x4  
  105  8:04  Zergling x2  
  105  8:05  Zergling x20  
  114  8:12  Baneling  
  113  8:13  Baneling x7  
  111  8:46  Mutalisk  
  111  8:47  Mutalisk x5  
  115  9:17  Drone x3, Hatchery  
  115  9:18  Infestation Pit  
  115  9:19  Zerg Flyer Weapons Level 1  
  116  9:28  Overlord  
  116  9:29  Overlord x2  
  116  9:36  Zerg Ground Armor Level 1  
  116  9:40  Overlord x3  
  116  9:42  Overlord x3  
  116  9:43  Hydralisk Den  
  114  9:46  Queen  
  114  9:48  Overseer  
  114  9:50  Zergling x4  
  114  9:51  Baneling, Zergling x16  
  114  9:52  Baneling x6  
  124  10:21  Zergling x2  
  124  10:22  Zergling x24  
  135  10:36  Mutalisk  
  135  10:37  Hatchery, Mutalisk x4  
  135  10:39  Overlord  
  135  10:42  Grooved Spines  
  143  10:44  Hive  
  141  10:59  Baneling x2  
  141  11:00  Baneling x6  
  141  11:02  Zergling x2  
  141  11:03  Zergling x6  
  145  11:11  Mutalisk  
  145  11:12  Mutalisk x6  
  145  11:13  Mutalisk x4  
  145  11:15  Overlord x2  
  163  11:19  Overseer  
  163  11:20  Baneling x3  
  163  11:21  Baneling x4  
  163  11:28  Drone x6  
  169  11:36  Zergling x10  
  169  11:37  Zergling x2  
  175  11:41  Queen  
  175  11:43  Drone  
  175  11:44  Drone x2  
  178  11:58  Baneling x14  
  178  11:59  Baneling x8  
  150  12:40  Centrifical Hooks  
  150  12:41  Hydralisk  
  150  12:42  Hydralisk x3, Zergling x2  
  150  12:43  Zergling x22  
  170  12:45  Adrenal Glands  
  170  12:50  Extractor  
  169  12:53  Spore Crawler  
  168  13:05  Zerg Melee Weapons Level 3  
  168  13:06  Muscular Augments  
  166  13:16  Hydralisk x2  
  166  13:17  Hydralisk x2, Zergling x2  
  166  13:18  Zergling x14  
  166  13:19  Zergling x6  
  185  13:39  Zergling x2  
  185  13:40  Extractor x2, Zergling x22  
  195  13:42  Baneling x3  
  195  13:43  Baneling x19  
  164  14:13  Lurker Den  
  158  14:27  Zergling x2  
  158  14:28  Zergling x22  
  160  14:52  Zergling x2  
  160  14:53  Zergling x14  
  160  14:56  Baneling  
  160  14:57  Baneling x29  
  160  14:58  Baneling x21  
  167  15:05  Baneling  
  167  15:06  Baneling x13  
  125  15:28  Mutalisk x6  
  118  15:29  Mutalisk x3  
  136  15:36  Baneling x7  
  135  15:48  Zergling x22  
  135  15:49  Zergling x2  
  147  15:58  Lurker x4  
  151  16:25  Overseer  
  151  16:26  Overseer  
  148  16:49  Burrow  
  148  16:56  Seismic Spines  
  148  16:59  Zerg Flyer Weapons Level 2  
  134  17:19  Drone x2  
  134  17:20  Drone x3  
  134  17:22  Hatchery  
  138  17:35  Hydralisk x4  
  138  17:36  Hydralisk x7  
  138  17:37  Hydralisk x2  
  156  17:39  Hatchery  
  146  17:51  Zergling x12  
  141  17:52  Zergling x6  
  141  17:53  Adaptive Talons  
  146  18:16  Lurker  
  146  18:17  Lurker  
  145  18:24  Baneling x4  
  145  18:25  Baneling x4  
  143  18:39  Lurker x3  
  143  18:40  Lurker x7  
  143  18:41  Lurker  
Show
View Real Time Build Order
Export as new Build Order

qqq Zerg - Winner!

Build Orders: Hatch First, Lurkers 

Get SALT Encoding   

  12  0:02  Drone  
  13  0:09  Drone  
  14  0:44  Hatchery  
  13  0:54  Spawning Pool  
  13  0:56  Drone  
  13  1:05  Overlord  
  14  1:11  Drone  
  14  1:17  Extractor  
  14  1:18  Drone  
  14  1:26  Drone  
  15  1:36  Drone  
  16  1:45  Drone  
  17  1:52  Drone  
  18  2:05  Drone, Queen  
  21  2:09  Queen  
  21  2:13  Drone  
  24  2:24  Spine Crawler  
  24  2:27  Drone  
  24  2:28  Drone  
  25  2:31  Drone  
  26  2:37  Metabolic Boost  
  26  2:41  Zergling x2  
  27  2:47  Overlord  
  27  2:53  Drone  
  28  3:00  Lair  
  28  3:03  Overlord  
  28  3:06  Zergling x2  
  28  3:10  Drone  
  30  3:13  Drone  
  30  3:15  Drone  
  32  3:22  Zergling x4  
  32  3:23  Zergling x2  
  32  3:26  Zergling x2  
  36  3:29  Drone  
  36  3:31  Drone  
  36  3:33  Drone  
  39  3:35  Drone  
  39  3:40  Overlord  
  40  3:52  Zergling x6  
  40  3:53  Zergling x2  
  40  3:54  Overlord  
  44  4:02  Drone x4  
  48  4:10  Drone  
  48  4:11  Drone  
  48  4:12  Hydralisk Den  
  49  4:37  Drone x4  
  53  4:45  Hydralisk  
  53  4:47  Lurker Den  
  53  4:48  Drone  
  53  4:49  Drone x4  
  59  4:53  Extractor  
  59  4:58  Extractor x2, Drone, Overlord  
  57  5:13  Zergling x2  
  57  5:14  Hatchery, Drone x2  
  58  5:24  Hydralisk x2  
  62  5:30  Evolution Chamber  
  62  5:31  Drone x2  
  62  5:32  Evolution Chamber  
  62  5:36  Drone  
  62  5:38  Hydralisk  
  65  5:50  Hydralisk  
  65  5:52  Overlord x2  
  67  5:58  Hatchery  
  67  5:59  Lurker  
  67  6:04  Overlord  
  67  6:07  Zerg Missile Weapons Level 1  
  67  6:13  Lurker  
  67  6:14  Hatchery  
  67  6:15  Overlord x3  
  67  6:16  Zergling x2  
  67  6:17  Zergling x4  
  70  6:28  Infestation Pit  
  69  6:35  Hydralisk x2  
  69  6:36  Zergling x4  
  69  6:37  Drone, Zergling x4  
  69  6:38  Drone  
  79  6:54  Drone  
  79  6:56  Hydralisk x2  
  79  6:57  Zergling x6  
  83  7:27  Hydralisk x3  
  89  7:31  Lurker x3  
  89  7:32  Drone x3  
  89  7:33  Drone  
  89  7:36  Queen  
  96  7:37  Drone  
  96  7:40  Spore Crawler  
  96  7:42  Spine Crawler  
  96  7:43  Drone, Spine Crawler  
  96  7:44  Drone x3, Hydralisk x2  
  96  7:55  Lurker x2  
  96  7:57  Zergling x10  
  97  8:14  Spore Crawler  
  97  8:16  Spore Crawler  
  97  8:17  Muscular Augments  
  90  8:21  Spore Crawler  
  90  8:22  Spore Crawler  
  90  8:23  Hydralisk, Spore Crawler  
  90  8:24  Hydralisk  
  90  8:32  Spore Crawler x2  
  81  8:42  Drone x3  
  81  8:44  Drone x5  
  81  8:45  Drone  
  88  8:50  Spore Crawler  
  86  8:55  Drone x2  
  86  8:56  Drone x2  
  85  9:04  Drone x4  
  85  9:05  Drone  
  85  9:06  Drone  
  89  9:27  Hydralisk x5  
  89  9:28  Grooved Spines  
  89  9:29  Drone x2  
  89  9:30  Drone  
  102  9:31  Drone  
  102  9:34  Overlord  
  103  9:39  Overlord  
  103  9:40  Drone  
  103  9:41  Drone  
  103  9:44  Spore Crawler  
  104  9:47  Spore Crawler  
  104  9:49  Spore Crawler  
  104  9:51  Drone x2  
  104  9:52  Drone  
  105  9:55  Spore Crawler  
  105  9:58  Spore Crawler  
  103  10:00  Drone, Spore Crawler  
  103  10:02  Drone  
  103  10:03  Drone  
  105  10:09  Lurker x2  
  105  10:10  Lurker x3  
  110  10:16  Hydralisk x2  
  110  10:18  Drone  
  110  10:19  Drone  
  110  10:20  Drone  
  110  10:36  Drone x2  
  110  10:37  Drone  
  110  10:39  Drone x3  
  110  10:40  Drone x6  
  119  10:58  Hydralisk x3  
  125  11:10  Overseer  
  125  11:12  Zerg Missile Weapons Level 2  
  125  11:14  Zerg Ground Armor Level 1  
  125  11:19  Extractor  
  125  11:20  Extractor  
  125  11:23  Queen  
  125  11:27  Overlord x4  
  125  11:28  Overlord x2  
  125  11:32  Hatchery  
  124  11:42  Hatchery  
  113  12:06  Hydralisk  
  113  12:07  Hydralisk x4  
  113  12:08  Zergling x12, Overlord  
  125  12:09  Overlord x2  
  125  12:10  Drone x7  
  125  12:11  Drone x2  
  107  12:38  Hydralisk x2  
  107  12:39  Hydralisk x5  
  107  12:40  Hydralisk x2  
  107  12:41  Hydralisk x4  
  133  12:47  Drone x3  
  136  12:55  Spore Crawler  
  136  12:58  Spore Crawler  
  131  13:02  Drone x3  
  130  13:11  Drone x3  
  134  13:12  Drone  
  134  13:13  Drone  
  134  13:16  Drone  
  134  13:17  Drone x2  
  134  13:18  Hydralisk  
  134  13:19  Hydralisk x6  
  144  13:41  Drone x3  
  144  13:42  Drone  
  144  13:43  Drone x5  
  144  13:45  Extractor  
  144  13:46  Extractor  
  144  13:48  Spore Crawler  
  150  13:50  Spore Crawler  
  150  13:52  Spore Crawler  
  150  13:53  Drone  
  150  13:54  Drone x2  
  150  13:55  Spore Crawler x2  
  143  14:11  Spore Crawler  
  143  14:13  Spore Crawler x2  
  143  14:15  Spore Crawler  
  143  14:16  Drone x3  
  142  14:17  Drone x4  
  142  14:18  Drone x2, Spore Crawler  
  142  14:22  Lurker x4  
  142  14:23  Lurker x3  
  157  14:24  Lurker x5  
  157  14:25  Drone x3  
  157  14:26  Hydralisk x3  
  168  14:36  Hive  
  168  14:54  Hatchery  
  117  15:30  Hydralisk x5  
  117  15:31  Hydralisk  
  117  15:32  Drone x8  
  117  15:33  Drone  
  122  15:45  Hydralisk  
  122  15:46  Hydralisk  
  122  15:48  Drone x3  
  122  15:49  Drone x4  
  130  15:53  Hydralisk x2  
  134  15:58  Extractor  
  134  15:59  Extractor  
  132  16:06  Queen  
  134  16:15  Hydralisk x4, Zergling x4  
  146  16:18  Lurker x3  
  147  16:26  Spore Crawler  
  147  16:27  Spine Crawler, Spore Crawler x2  
  147  16:29  Spine Crawler  
  147  16:30  Spine Crawler  
  147  16:31  Spine Crawler  
  140  16:33  Drone x2, Spore Crawler  
  140  16:34  Drone, Hydralisk x4  
  144  17:08  Hydralisk x6  
  143  17:10  Hydralisk x3  
  143  17:12  Zerg Ground Armor Level 2  
  143  17:15  Seismic Spines  
  161  17:20  Burrow  
  161  17:29  Drone x3  
  164  17:34  Hatchery, Hydralisk x5  
  173  17:37  Lurker  
  173  17:38  Lurker x2  
  173  17:40  Zergling x2  
  173  17:41  Drone x4  
  173  17:42  Drone x3  
  184  17:47  Ultralisk Cavern  
  183  17:52  Queen  
  185  18:12  Adaptive Talons  
  185  18:27  Queen  
  185  18:31  Pneumatized Carapace  
  185  18:34  Hydralisk x8  
  182  18:37  Lurker x5  
  155  19:02  Hydralisk x3  
  153  19:03  Hydralisk x4  
  167  19:11  Overseer  
  185  19:18  Drone x3  
Show
View Real Time Build Order
Export as new Build Order

Massa Terran - Winner!

Build Orders: Gas First Reaper Expand 

Get SALT Encoding   

  12  0:00  SCV  
  13  0:12  SCV  
  14  0:23  Supply Depot  
  14  0:25  SCV  
  15  0:31  Refinery  
  15  0:45  SCV  
  15  0:46  Barracks  
  16  0:57  SCV  
  17  1:09  SCV  
  18  1:21  SCV  
  19  1:33  Orbital Command  
  19  1:35  Reaper  
  20  1:47  Command Center  
  20  2:06  Factory  
  20  2:07  Marine  
  21  2:10  SCV  
  22  2:22  SCV  
  23  2:23  Supply Depot  
  23  2:27  Supply Depot  
  23  2:30  Barracks Reactor  
  23  2:45  SCV  
  24  3:01  Command Center  
  24  3:02  Orbital Command  
  24  3:07  SCV  
  25  3:19  SCV  
  26  3:20  Hellion  
  26  3:21  Starport  
  26  3:25  Hellion  
  30  3:27  Barracks Tech Lab  
  30  3:32  SCV x2  
  32  3:44  SCV x2  
  32  3:46  Engineering Bay  
  34  3:51  Hellion  
  34  3:55  Hellion  
  38  3:56  SCV x2  
  38  3:59  Stimpack  
  40  4:04  Marauder  
  40  4:09  SCV  
  43  4:11  SCV  
  43  4:12  Hellion  
  43  4:42  Marine  
  43  4:44  Viking  
  45  4:55  Missile Turret  
  45  4:59  Missile Turret  
  45  5:00  Marine  
  45  5:01  Orbital Command, SCV  
  45  5:02  SCV  
  45  5:06  Widow Mine x2  
  52  5:14  SCV x2  
  54  5:15  Missile Turret  
  54  5:18  Marine  
  54  5:20  Missile Turret  
  55  5:23  Refinery  
  55  5:25  Refinery  
  55  5:26  SCV x2  
  55  5:27  Widow Mine x2  
  61  5:29  SCV, Barracks  
  62  5:36  Missile Turret  
  62  5:37  Marauder  
  62  5:38  SCV x2  
  62  5:40  Missile Turret  
  66  5:44  Barracks  
  66  5:47  Barracks  
  66  5:58  Marauder  
  66  6:01  Terran Infantry Weapons Level 1  
  68  6:06  Supply Depot x2  
  68  6:07  Supply Depot  
  68  6:09  Engineering Bay, Supply Depot  
  68  6:16  Armory  
  68  6:28  Widow Mine x2, Combat Shield  
  72  6:35  Barracks Reactor  
  72  6:46  SCV  
  72  6:47  SCV  
  74  6:51  Barracks Reactor  
  74  6:52  Barracks Tech Lab  
  74  6:58  SCV  
  74  6:59  SCV  
  76  7:03  Orbital Command  
  76  7:10  SCV  
  76  7:11  SCV  
  76  7:12  Hellion x2  
  82  7:19  Factory  
  82  7:22  SCV  
  79  7:34  Hellion x2  
  81  7:43  Marauder x2  
  81  7:44  Marine x4  
  89  7:55  Refinery, Hellion x2  
  93  8:00  Terran Vehicle Weapons Level 1  
  93  8:01  Marine  
  93  8:02  Terran Infantry Armor Level 1, Marine x3  
  93  8:04  Marauder x2  
  101  8:06  Factory Tech Lab  
  101  8:09  Orbital Command  
  95  8:16  Hellion  
  95  8:19  Marine  
  98  8:20  Marine x3  
  101  8:31  Supply Depot  
  101  8:32  Supply Depot  
  101  8:53  SCV x3, Marauder x2  
  108  8:55  Supply Depot  
  108  8:57  Supply Depot  
  107  9:04  Infernal Pre-Igniter  
  107  9:05  SCV x3  
  107  9:06  Siege Tank  
  113  9:14  Marauder x2  
  117  9:17  SCV x3, Missile Turret  
  117  9:19  Supply Depot  
  120  9:32  Supply Depot  
  120  9:34  Marine x4  
  120  9:36  Missile Turret  
  124  9:40  Medivac, Siege Tank  
  124  9:41  Marauder x2, Supply Depot  
  133  9:54  Widow Mine x2  
  133  9:55  Supply Depot  
  133  9:58  Missile Turret  
  137  10:02  Marauder  
  137  10:06  Command Center  
  139  10:09  Terran Vehicle And Ship Armor Level 1  
  139  10:10  Terran Infantry Armor Level 2, Medivac  
  141  10:15  Widow Mine, Terran Infantry Weapons Level 2  
  141  10:18  Supply Depot  
  141  10:19  Missile Turret  
  143  10:23  Missile Turret  
  143  10:40  Medivac  
  143  10:41  Supply Depot  
  137  11:05  Supply Depot  
  137  11:14  SCV x3  
  130  11:26  SCV x3  
  130  11:28  Supply Depot  
  133  11:38  SCV x2  
  133  11:39  SCV  
  132  11:48  Refinery  
  132  11:50  SCV  
  132  11:54  Refinery  
  133  12:04  Missile Turret  
  133  12:06  Terran Vehicle And Ship Armor Level 2  
  133  12:12  Missile Turret  
  133  12:13  Missile Turret x2  
  133  12:14  Marauder x2, Missile Turret x2  
  133  12:15  Marine x4  
  141  12:25  Missile Turret  
  141  12:32  Marine x2  
  141  12:33  Missile Turret  
  141  12:34  Missile Turret  
  141  12:36  Marauder x2, Missile Turret  
  147  12:37  Planetary Fortress, Missile Turret  
  147  12:48  Marine  
  147  12:49  Marine  
  147  12:50  Marine x2  
  151  12:55  Barracks  
  151  12:57  Marauder x2  
  155  13:00  Barracks  
  155  13:06  Marine x2  
  155  13:08  Marine x2  
  157  13:18  Marine x2  
  159  13:24  Marine x2  
  159  13:26  Marine x2  
  163  13:27  SCV x3  
  163  13:28  SCV  
  167  13:35  Starport Reactor  
  167  13:36  Marine x2  
  167  13:39  SCV  
  170  13:47  Terran Infantry Weapons Level 3, Terran Infantry Armor Level 3  
  106  14:55  Marauder  
  106  14:56  Marauder  
  106  14:58  Barracks Reactor x2  
  106  14:59  Marine x3  
  111  15:00  Marine  
  114  15:14  Command Center  
  114  15:17  Marauder x2, Marine x4, Medivac x2  
  114  15:20  Missile Turret  
  126  15:21  Missile Turret  
  126  15:23  Widow Mine x2  
  126  15:27  Siege Tank  
  133  15:35  Marine x4  
  134  15:38  Marauder x2  
  134  15:41  Missile Turret  
  141  15:43  Missile Turret  
  141  15:44  Widow Mine x2  
  141  15:47  Terran Vehicle Weapons Level 2, Medivac x2  
  149  15:52  Marine, Sensor Tower  
  149  15:53  Armory, Marine x3  
  153  15:59  Siege Tank  
  153  16:00  Marauder x2  
  153  16:03  Missile Turret  
  160  16:05  Hellion, Missile Turret  
  162  16:14  SCV x3  
  162  16:15  SCV  
  162  16:17  Medivac  
  168  16:21  Marauder x2, Marine x5  
  168  16:22  Marine x3  
  168  16:23  Neosteel Armor  
  168  16:24  Hi-Sec Auto Tracking  
  180  16:26  SCV x3  
  180  16:27  SCV  
  180  16:31  Siege Tank  
  187  16:37  Refinery  
  187  16:38  SCV  
  187  16:39  Marine x8  
  193  16:40  Refinery  
  193  16:42  Marauder x2  
  196  17:24  Viking x2  
  188  18:52  Thor  
  188  18:53  Widow Mine  
  188  18:54  Widow Mine  
  198  19:03  Ghost Academy  
  198  19:04  Ghost Academy  
  198  19:15  Widow Mine  
Tags
 
Add a new tag
Caveats
  • Supply blocks, unpowered buildings, or Contaminate may cause inaccurate times.
  • Supply counts are checked every 10 seconds.